 Dungeon Crawl Stone Soup version 0.31.0-32-g396128a36d (webtiles) character file.

Game seed: 12764751942903339129

2410 Silvore the Basher (level 9, 0/78 HPs)
             Began as a Minotaur Fighter on Mar 30, 2024.
             Slain by a two-headed ogre
             ... wielding a +0 giant club
              (7 damage)
             ... on level 7 of the Dungeon.
             The game lasted 00:09:18 (5172 turns).

Silvore the Basher (Minotaur Fighter)               Turns: 5172, Time: 00:09:19

Health: 0/78       AC: 21    Str: 26    XL:     9   Next: 23%
Magic:  8/8        EV:  7    Int:  5    God:
Gold:   299        SH:  5    Dex:  9    Spells: 8/8 levels left

rFire   . . .        u - +4 flail (protect)
rCold   . . .        c - +0 buckler
rNeg    . . .        q - +1 plate armour
rPois   .            (helmet restricted)
rElec   .            (no cloak)
rCorr   .            (no gloves)
SInv    .            (no boots)
Will    .....        (no amulet) Stlth
                     (no ring)
HPRegen 0.33/turn    (no ring)
MPRegen 0.11/turn

%: no passive effects
@: under a protective aura
A: horns 2, retaliatory headbutt
a: no special abilities


You were on level 7 of the Dungeon.
You visited 1 branch of the dungeon, and saw 7 of its levels.

You collected 299 gold pieces.

Inventory:

Hand Weapons
 u - a +4 flail of protection (weapon)
Armour
 c - a +0 buckler (worn)
 q - a +1 plate armour (worn)
Jewellery
 b - a ring of protection from cold
Wands
 r - a wand of flame (26)
Scrolls
 a - a scroll of vulnerability
 g - a scroll of poison
 h - a scroll of amnesia {unknown}
 s - 2 scrolls of revelation
 t - 2 scrolls of fog
Potions
 d - 2 potions of might
 e - 2 potions of curing
 f - a potion of berserk rage
 j - 2 potions of mutation
 l - 3 potions of haste
 o - 2 potions of degeneration
 p - a potion of lignification


   Skills:
 + Level 6.7 Fighting
 + Level 9.9 Maces & Flails
 + Level 8.6 Armour
 + Level 1.5 Dodging
 + Level 6.7 Shields
 + Level 0.1 Unarmed Combat


You had 8 spell levels left.
You didn't know any spells.
Your spell library contained the following spells:

 Spells                   Type           Power      Damage    Failure   Level
 Kiss of Death            Conj/Necr      0%         2d5       100%        1
 Magic Dart               Conj           0%         1d3       100%        1
 Summon Small Mammal      Summ           0%         N/A       100%        1
 Blink                    Tloc           0%         N/A       100%        2
 Call Imp                 Summ           0%         N/A       100%        2
 Cigotuvi's Dreadful Rot  Necr/Alch/Air  0%         N/A       100%        2
 Call Canine Familiar     Summ           0%         N/A       100%        3
 Confusing Touch          Hex            0%         N/A       100%        3
 Dispel Undead            Necr           0%         3d6       100%        4
 Ignite Poison            Fire/Alch      0%         N/A       100%        4
 Summon Blazeheart Golem  Fire/Summ      0%         N/A       100%        4
 Freezing Cloud           Conj/Ice/Air   0%         6-21      100%        5
 Chain Lightning          Conj/Air       0%         N/A       100%        9
 Fire Storm               Conj/Fire      0%         5d1       100%        9
 Shatter                  Erth           0%         3d5*      100%        9


Dungeon Overview and Level Annotations

Branches:
Dungeon (7/15)
 Temple: D:4-7

Altars:
Makhleb
Nemelex Xobeh
Xom
Yredelemnul

Shops:
D:4 *   D:5 [?*(


Innate Abilities, Weirdness & Mutations

You have a pair of horns on your head.
You reflexively headbutt those who attack you in melee.


Message History

You bludgeon the gnoll!!
You kill the gnoll!
You see here a +0 spear.
You feel a little less mighty now.
A two-headed ogre comes into view. It is wielding two +0 giant clubs.
A two-headed ogre is nearby!
A two-headed ogre is nearby!
The two-headed ogre shouts in stereo!
The two-headed ogre hits you with a +0 giant club!!
The two-headed ogre hits you with a +0 giant club!
* * * LOW HITPOINT WARNING * * *
You sock the two-headed ogre!
Your weapon exudes an aura of protection.
Your headbutt misses the two-headed ogre.
The two-headed ogre is lightly wounded.
The two-headed ogre hits you with a +0 giant club!
* * * LOW HITPOINT WARNING * * *
The two-headed ogre hits you with a +0 giant club.
* * * LOW HITPOINT WARNING * * *
You hit the two-headed ogre.
The two-headed ogre is moderately wounded.
You barely miss the two-headed ogre.
The two-headed ogre is moderately wounded.
The two-headed ogre closely misses you. The two-headed ogre barely misses you.
You barely miss the two-headed ogre. You headbutt the two-headed ogre!
The two-headed ogre is heavily wounded.
You hit the two-headed ogre but do no damage.
The two-headed ogre is heavily wounded.
The two-headed ogre hits you but does no damage. x2
You thump the two-headed ogre!
The two-headed ogre is severely wounded.
The two-headed ogre barely misses you. You block the two-headed ogre's attack.
Unknown command.
You sock the two-headed ogre! You headbutt the two-headed ogre!
The two-headed ogre is almost dead.
You hit the two-headed ogre but do no damage.
Your headbutt misses the two-headed ogre.
The two-headed ogre is almost dead.
The two-headed ogre hits you with a +0 giant club!
You die...

# .#
g.###########..#
...............#
........))@O..##
....#####)##..# .
#...))<...### ###
#)###)....... ..#
#. #.#####.###.# #[
#.# #..##.# #. #.#
#..##.# #. #.#
#.....####### #.
#.#####............


You could see a two-headed ogre.

Vanquished Creatures
  Duvessa (D:7)
  2 water moccasins
  An orc warrior (D:6)
  An ice beast (D:5)
  An ogre (D:5)
  A black bear (D:4)
  2 centaurs
  A phantom (D:6)
  A gnoll sergeant (D:7)
  2 bullfrogs (D:6)
  5 scorpions
  Dowan (D:7)
  6 crimson imps (D:6)
  A jelly (D:5)
  2 bombardier beetles (D:5)
  An orc priest (D:6)
  3 hounds
  3 iguanas
  Ijyb (D:3)
  2 sleepcaps (D:5)
  4 orc wizards
  Robin (D:3)
  5 gnolls (D:7)
  6 adders
  A shadow imp (D:6)
  3 white imps (D:6)
  2 ufetubi (D:6)
  2 dart slugs
  6 ribbon worms
  23 orcs
  4 ball pythons
  7 endoplasms
  2 giant cockroaches (D:1)
  11 goblins
  8 hobgoblins
  10 kobolds
  5 quokkas
  9 bats
  2 frilled lizards
  4 rats
153 creatures vanquished.

Vanquished Creatures (others)
  An orc wizard (D:6)
1 creature vanquished.

Grand Total: 154 creatures vanquished

Notes
Turn   | Place    | Note
-------+----------+-------------------------------------------
     0 | D:1      | Silvore the Minotaur Fighter began the quest for the Orb.
     0 | D:1      | Reached XP level 1. HP: 19/19 MP: 0/0
   112 | D:1      | Reached XP level 2. HP: 25/27 MP: 1/1
   433 | D:1      | Found a faded altar of an unknown god.
   666 | D:2      | Reached XP level 3. HP: 15/33 MP: 2/2
   671 | D:2      | Reached skill level 3 in Maces & Flails
   806 | D:2      | Found a sparkling altar of Nemelex Xobeh.
  1278 | D:3      | Noticed Ijyb
  1286 | D:3      | Killed Ijyb
  1287 | D:3      | Reached XP level 4. HP: 32/40 MP: 3/3
  1459 | D:3      | Noticed Robin
  1463 | D:3      | Reached skill level 4 in Maces & Flails
  1480 | D:3      | Killed Robin
  1944 | D:3      | Found a burning altar of Makhleb.
  2139 | D:4      | Found a shimmering altar of Xom.
  2154 | D:4      | Reached XP level 5. HP: 47/47 MP: 4/4
  2177 | D:4      | Found Vehoc's Fire Supplies.
  2235 | D:4      | Reached skill level 5 in Armour
  2240 | D:4      | HP: 2/47 [poisoned by a scorpion]
  2423 | D:4      | Reached skill level 5 in Maces & Flails
  2429 | D:4      | Noticed a black bear
  2449 | D:4      | Killed a black bear
  2450 | D:4      | Reached XP level 6. HP: 32/53 MP: 5/5
  2586 | D:4      | Reached skill level 1 in Dodging
  2830 | D:5      | Entered Level 5 of the Dungeon
  2862 | D:5      | Found Innux's Magic Scroll Boutique.
  2862 | D:5      | Found Kaobbir's Armour Boutique.
  2862 | D:5      | Found Maneoh's General Store.
  2893 | D:5      | Reached skill level 6 in Maces & Flails
  2953 | D:5      | Found Bityshif's Antique Weapon Boutique.
  2962 | D:5      | Reached XP level 7. HP: 58/60 MP: 6/6
  3120 | D:5      | Reached skill level 5 in Fighting
  3282 | D:5      | Reached skill level 7 in Maces & Flails
  3282 | D:5      | Reached skill level 5 in Shields
  3751 | D:5      | Reached XP level 8. HP: 32/70 MP: 7/7
  3963 | D:6      | Reached skill level 8 in Maces & Flails
  4506 | D:6      | Reached skill level 9 in Maces & Flails
  4612 | D:6      | Found a basalt altar of Yredelemnul.
  4802 | D:6      | Reached XP level 9. HP: 67/78 MP: 8/8
  5004 | D:7      | Noticed Dowan
  5006 | D:7      | Noticed Duvessa
  5028 | D:7      | Killed Duvessa
  5035 | D:7      | Killed Dowan
  5162 | D:7      | Noticed a two-headed ogre
  5172 | D:7      | Slain by a two-headed ogre

Illustrated notes

Levels and vault maps discovered:
D:1:      dpeg_arrival_shrine, layout_basic,
          hellmonk_ecumenical_altar_arch_garden, minmay_3d_cube
D:2:      layout_rooms, basic_altar, supply_closet_lemuel, minmay_cut_off
D:3:      layout_loops_ring, bloody_makhleb, uniq_robin, uniq_ijyb
D:4:      layout_rooms, xom_teletrap_fun, nicolae_shop_fire_sale
          [nicolae_sub_dead_trees]
D:5:      layout_gridville, minmay_shop_grid_forest
D:6:      layout_cave_pools, mainiacjoe_overflow_alcove_2, minmay_nine_imps
D:7:      layout_loops_ring, minmay_temple_entry_large_hall, uniq_duvessa

Skill      XL: |  1  2  3  4  5  6  7  8 |
---------------+-------------------------+-----
Shields        | 4 5 6 |  6.7
Armour         | 4 5 6 8 |  8.6
Maces & Flails | 3 4 5 6 7 9 |  9.9
Fighting       | 4 5 6 |  6.7
Dodging        | 1 |  1.5
Unarmed Combat | |  0.1

Action                     |  1- 3 |  4- 6 |  7- 9 || total
---------------------------+-------+-------+-------++-------
  Melee: Flail             |    90 |   118 |   196 ||   404
         Headbutt          |    14 |    21 |    24 ||    59
         Unarmed           |       |     4 |       ||     4
    Use: Potion            |       |     1 |     1 ||     2
         Scroll            |       |    10 |     5 ||    15
 Armour: Scale mail        |    58 |       |       ||    58
         Plate armour      |     6 |   132 |   285 ||   423
  Dodge: Dodged            |    55 |    30 |    98 ||   183
  Block: Buckler           |    20 |    41 |    65 ||   126
